Map: Equilibrium LE

Players

kaleo

  • Race: Protoss Protoss
  • League: Diamond
  • Spawn Location: 11:00

SubN - Winner!

  • Race: Zerg Zerg
  • League: Diamond
  • Spawn Location: 1:00

VOD

Have the link to the VOD?

Description

Time

  • Played on: Dec. 21, 2023, 6:45 p.m.
  • Length: 2:57
Show
View Real Time Build Order
Export as new Build Order

kaleo Protoss 

Build Orders: 1 Gate Expand 

Get SALT Encoding   

  12  0:00  Probe  
  13  0:12  Probe  
  14  0:19  Pylon  
  14  0:24  Probe  
  15  0:37  Probe (Chrono Boost)  
  15  0:40  Gateway  
  16  0:48  Assimilator  
  17  0:50  Probe (Chrono Boost)  
  17  0:55  Probe (Chrono Boost)  
  18  1:07  Probe  
  18  1:19  Probe  
  19  1:27  Nexus  
  19  1:37  Cybernetics Core  
  19  1:41  Probe  
  19  1:47  Assimilator  
  20  1:53  Probe  
  21  1:57  Pylon  
  21  2:05  Probe  
  22  2:12  Stalker (Chrono Boost)  
  24  2:17  Probe  
  25  2:29  Probe  
  26  2:37  Gateway  
Show
View Real Time Build Order
Export as new Build Order

SubN Zerg - Winner!

Build Orders: Pool First 

Get SALT Encoding   

  12  0:00  Drone  
  13  0:08  Drone  
  13  0:12  Extractor  
  13  0:28  Spawning Pool  
  12  1:12  Hatchery  
  11  1:19  Queen  
  11  1:22  Zergling x2  
  14  1:30  Metabolic Boost  
  14  1:39  Overlord  
  14  1:58  Zergling x6  
  17  2:14  Zergling x2  
  18  2:21  Zergling x2  
  19  2:27  Zergling x4  
  19  2:28  Zergling x4  
Tags
 
Add a new tag
Caveats
  • Supply blocks, unpowered buildings, or Contaminate may cause inaccurate times.
  • Supply counts are checked every 10 seconds.